Map: Lightshade LE

Players

Massa

  • Race: Terran Terran
  • League: Platinum
  • Spawn Location: 5:00

Docol - Winner!

  • Race: Zerg Zerg
  • League: Platinum
  • Spawn Location: 11:00

VOD

Have the link to the VOD?

Description

Time

  • Played on: Nov. 9, 2020, 10:53 a.m.
  • Length: 16:37
Show
View Real Time Build Order
Export as new Build Order

Massa Terran 

Build Orders:  

Get SALT Encoding   

  12  0:00  SCV  
  13  0:12  SCV  
  14  0:20  Supply Depot  
  14  0:24  SCV  
  15  0:42  SCV  
  16  0:44  Barracks  
  16  0:49  Refinery  
  16  0:54  SCV  
  17  1:06  SCV  
  18  1:18  SCV  
  19  1:30  SCV  
  19  1:31  Command Center  
  20  1:35  Reaper  
  21  1:45  Orbital Command  
  21  2:07  Marine  
  22  2:14  SCV  
  23  2:27  Factory  
  23  2:29  Supply Depot  
  23  2:43  SCV  
  24  2:58  Barracks Reactor  
  24  3:01  Orbital Command  
  24  3:07  SCV  
  25  3:13  Command Center  
  25  3:15  Refinery  
  25  3:19  SCV, Engineering Bay  
  26  3:22  Barracks  
  26  3:26  Hellion  
  28  3:31  SCV  
  28  3:33  SCV  
  30  3:39  Marine  
  30  3:40  Marine  
  32  3:43  SCV  
  32  3:57  Hellion, Marine  
  32  3:58  Marine  
  32  4:00  SCV x2  
  38  4:06  Terran Infantry Weapons Level 1  
  38  4:08  Missile Turret  
  38  4:12  SCV x2, Missile Turret  
  38  4:14  Barracks Tech Lab  
  38  4:15  Marine  
  41  4:18  Supply Depot  
  41  4:19  Marine  
  41  4:22  Factory Tech Lab  
  41  4:24  SCV x2  
  44  4:32  Orbital Command  
  44  4:33  Marine  
  44  4:36  SCV, Marine  
  47  4:46  Starport  
  47  4:50  Siege Tank  
  47  4:51  Marine  
  51  4:54  Marine  
  51  4:55  Marauder  
  51  4:58  SCV x2  
  56  5:08  Refinery  
  56  5:09  Marine  
  56  5:10  Refinery  
  56  5:12  Marine  
  58  5:14  Sensor Tower  
  58  5:16  Marauder  
  60  5:23  Starport Tech Lab  
  60  5:27  Widow Mine  
  62  5:30  Orbital Command  
  62  5:42  SCV x2  
  64  5:48  Widow Mine  
  66  5:53  Banshee  
  69  6:02  Supply Depot  
  69  6:05  Supply Depot  
  69  6:24  SCV, Marauder, Marine x2, Siege Tank  
  77  6:27  SCV x2, Supply Depot  
  77  6:28  Supply Depot  
  79  6:36  SCV  
  79  6:39  SCV x2  
  82  6:41  Sensor Tower  
  82  6:47  Viking  
  82  6:48  SCV  
  82  6:51  SCV x2  
  82  6:52  Supply Depot  
  82  6:53  Supply Depot  
  87  6:57  Marauder, Marine  
  87  7:00  SCV  
  91  7:03  SCV  
  91  7:05  Siege Tank  
  91  7:07  Marine  
  96  7:09  SCV  
  96  7:12  SCV  
  96  7:15  Refinery x2, SCV, Marine  
  100  7:17  Banshee  
  100  7:19  Marauder, Command Center  
  100  7:21  SCV  
  106  7:24  SCV  
  106  7:25  Marine  
  106  7:27  SCV  
  109  7:46  Marauder, Marine x2  
  113  7:54  Missile Turret  
  113  8:03  Barracks, Marine  
  113  8:04  Barracks  
  113  8:05  Barracks  
  114  8:07  Marauder, Factory  
  114  8:09  Barracks  
  116  8:15  Missile Turret  
  116  8:31  Marauder, Medivac  
  116  8:32  Supply Depot  
  116  8:33  Supply Depot  
  120  8:34  Supply Depot  
  120  8:43  Stimpack  
  120  8:49  Siege Tank  
  120  8:54  Factory  
  120  8:55  Supply Depot  
  123  8:56  Supply Depot  
  123  8:59  Factory Tech Lab, Supply Depot  
  123  9:01  Barracks Tech Lab, Medivac  
  123  9:02  Barracks Reactor, Barracks Tech Lab  
  125  9:03  Barracks Tech Lab  
  125  9:05  Marauder, Marine x2  
  125  9:06  SCV x2  
  125  9:07  SCV  
  129  9:18  SCV  
  129  9:19  SCV x2  
  129  9:20  Supply Depot  
  129  9:22  Marine  
  129  9:23  Marine, Supply Depot  
  134  9:26  Marauder  
  134  9:27  Marauder  
  134  9:28  Marauder x2  
  134  9:29  Combat Shield  
  134  9:30  Concussive Shells  
  134  9:31  SCV x2  
  144  9:33  Terran Infantry Armor Level 1  
  144  9:36  Armory  
  144  9:39  Engineering Bay  
  144  9:40  Marine  
  142  9:48  Marauder  
  142  9:49  Marauder x3  
  142  9:50  Planetary Fortress  
  150  9:54  SCV x3  
  153  10:00  Sensor Tower  
  153  10:05  Marine x4, Missile Turret  
  153  10:06  SCV x3  
  160  10:07  Siege Tank x2  
  160  10:09  Marauder  
  160  10:10  Marauder x2  
  160  10:11  Marauder  
  174  10:18  SCV x3  
  177  10:23  Marine x2, Medivac  
  177  10:26  Missile Turret  
  177  10:27  Factory Tech Lab  
  181  10:30  SCV x3, Marauder  
  181  10:31  Marauder  
  181  10:32  Marauder  
  181  10:34  Starport  
  190  10:42  SCV  
  191  10:43  SCV  
  191  10:48  Missile Turret  
  190  10:53  Medivac  
  178  11:09  Missile Turret  
  158  11:23  Marauder x4, Marine  
  158  11:24  Marine  
  158  11:25  Starport Reactor  
  132  11:26  Medivac  
  127  11:44  Marauder  
  127  11:45  Marauder x3  
  135  11:56  Medivac  
  136  12:05  Marauder  
  136  12:06  Marauder x3  
  136  12:08  Command Center  
  144  12:11  Refinery  
  144  12:15  Refinery x2  
  144  12:16  Terran Infantry Armor Level 2  
  144  12:20  Terran Vehicle And Ship Armor Level 1  
  144  12:23  Marine  
  144  12:24  Marine x3  
  144  12:26  Marine  
  144  12:27  Marine x3  
  148  12:41  Marine  
  148  12:42  Marine x3  
  146  12:45  Marauder x3, Marine  
  112  12:59  Marine  
  112  13:00  Marine x3  
  112  13:03  Marauder  
  118  13:06  Marauder  
  118  13:07  Marauder x2  
  108  13:13  Siege Tank  
  108  13:17  Marine x4  
  107  13:25  Marauder  
  99  13:27  Marauder  
  99  13:28  Marauder x2  
  95  13:34  Marine  
  95  13:35  Marine x3  
  95  13:36  Siege Tank  
  90  13:45  Siege Tank  
  90  13:46  Marauder  
  85  13:49  Marauder x3  
  85  13:52  Marine  
  85  13:53  Marine x3  
  75  14:04  Command Center  
  75  14:06  Barracks  
  75  14:07  Barracks, Marauder  
  75  14:10  Marauder, Marine  
  75  14:11  Marauder, Marine x2  
  75  14:13  Medivac x2  
  77  14:28  Marine x2  
  77  14:29  Marine  
  69  14:31  Marine  
  69  14:32  Marine  
  69  14:35  Marine  
  53  14:46  Marine x3  
  53  14:47  Siege Tank  
  53  14:49  Marine x2  
  63  14:52  Marine  
  63  14:57  Barracks  
  56  15:04  Marauder x2, Marine  
  56  15:06  Barracks Tech Lab  
  54  15:07  Barracks Tech Lab  
  54  15:08  Marauder  
  54  15:10  Marine  
  54  15:22  Marine  
  54  15:24  Marine  
  51  15:29  Marauder  
  51  15:37  Marauder  
  55  15:43  Marauder  
  55  15:47  Barracks Reactor  
  55  15:48  Barracks  
  55  15:49  Barracks  
  43  15:58  Marauder  
  39  16:04  Marauder  
  33  16:14  Factory x2  
Show
View Real Time Build Order
Export as new Build Order

Docol Zerg - Winner!

Build Orders: Hatch First, Roach Hydra, Swarm Host 

Get SALT Encoding   

  12  0:05  Drone  
  13  0:13  Overlord  
  13  0:17  Drone  
  14  0:31  Drone x2  
  16  0:51  Hatchery  
  16  0:55  Drone  
  16  0:59  Drone  
  17  1:05  Extractor, Drone  
  17  1:22  Spawning Pool  
  17  1:24  Drone  
  17  1:33  Drone  
  17  1:35  Drone  
  19  1:43  Overlord  
  19  2:09  Queen x2  
  19  2:10  Metabolic Boost  
  23  2:16  Drone  
  23  2:17  Drone  
  23  2:20  Zergling x2  
  26  2:26  Drone  
  26  2:28  Drone  
  28  2:31  Zergling x2  
  28  2:36  Extractor  
  27  2:47  Spine Crawler  
  26  2:57  Drone x5  
  31  3:02  Pneumatized Carapace  
  31  3:04  Drone  
  32  3:12  Drone x2  
  34  3:22  Drone x2  
  36  3:27  Lair  
  36  3:40  Overlord x3  
  36  4:01  Drone x6  
  36  4:02  Drone x2  
  44  4:03  Drone x2  
  44  4:08  Queen  
  48  4:13  Roach Warren  
  48  4:16  Evolution Chamber  
  46  4:21  Evolution Chamber  
  45  4:27  Drone x4  
  45  4:31  Extractor  
  48  4:35  Drone x2  
  48  4:36  Drone x2  
  52  4:40  Extractor  
  51  4:58  Drone  
  52  5:07  Zerg Missile Weapons Level 1, Zerg Ground Armor Level 1  
  52  5:12  Hatchery  
  51  5:16  Hydralisk Den  
  51  5:19  Infestation Pit  
  51  5:20  Drone x3  
  52  5:22  Overlord x3  
  52  5:27  Drone x2  
  52  5:28  Drone x2  
  56  5:44  Glial Reconstitution  
  55  5:54  Grooved Spines  
  55  5:59  Hive  
  55  6:05  Drone x5  
  55  6:06  Drone x2  
  62  6:15  Roach x6  
  74  6:34  Roach x4  
  74  6:39  Queen  
  84  6:56  Roach x3  
  84  6:58  Overlord x2  
  84  6:59  Overlord  
  89  7:11  Overseer  
  89  7:18  Spore Crawler  
  89  7:20  Spore Crawler  
  89  7:22  Spore Crawler  
  86  7:26  Drone x3  
  86  7:27  Drone x3  
  92  7:30  Extractor  
  92  7:32  Hydralisk  
  92  7:33  Extractor, Hydralisk x5  
  102  7:38  Zerg Ground Armor Level 2, Zerg Missile Weapons Level 2  
  102  7:41  Muscular Augments  
  102  7:46  Hydralisk  
  102  7:50  Overlord  
  104  8:12  Overlord x3  
  104  8:13  Hydralisk x2  
  104  8:14  Hydralisk  
  104  8:15  Hatchery  
  109  8:21  Overlord x2  
  109  8:33  Drone x6  
  115  9:02  Overlord x3  
  115  9:03  Hydralisk x7  
  129  9:22  Roach x2  
  129  9:23  Roach x2  
  137  9:33  Roach  
  137  9:34  Roach x7  
  153  10:01  Swarm Host x5  
  153  10:02  Swarm Host x2  
  174  10:20  Overlord x5  
  174  10:26  Queen  
  176  10:36  Extractor x2, Drone x2  
  176  10:38  Overlord x2  
  138  11:24  Roach x13  
  118  11:40  Hydralisk  
  118  11:41  Hydralisk x2  
  124  11:56  Hydralisk  
  124  11:57  Hydralisk x4  
  134  12:16  Hydralisk  
  134  12:17  Hydralisk x7  
  134  12:20  Roach x15  
  134  12:21  Roach x2  
  164  12:56  Roach  
  164  12:57  Roach x15  
  138  13:40  Roach x2  
  138  13:41  Roach x10  
  134  13:58  Hydralisk x10  
  130  14:45  Roach  
  128  14:46  Roach x14  
  152  15:25  Hatchery  
  151  15:30  Roach  
  151  15:31  Roach x19  
Tags
 
Add a new tag
Caveats
  • Supply blocks, unpowered buildings, or Contaminate may cause inaccurate times.
  • Supply counts are checked every 10 seconds.